 Dungeon Crawl Stone Soup version bcrawl-1.40.2 (webtiles) character file.

Game seed: 18372168916996966851

7609959 Mehrunes the Acrobat (level 25, -38/201 HPs)
             Began as a Gnoll Monk on Nov 13, 2023.
             Was the Champion of Ashenzari.
             Killed from afar by Tiamat (52 damage)
             ... with a bolt of acid
             ... on level 1 of the Realm of Zot on Nov 14, 2023.
             The game lasted 04:38:13 (66110 turns).

Mehrunes the Acrobat (Gnoll Monk)                  Turns: 66110, Time: 04:38:14

Health: -38/201    AC: 28    Str: 21    XL:     25   Next: 71%
Magic:  6/43       EV: 29    Int: 26    God:    Ashenzari [******]
Gold:   2383       SH: 11    Dex: 19    Spells: 2/56 levels left

rFire    + + +     GDR:     43% D - staff of wizardry
rCold    + . .     SeeInvis +   r - +0 buckler {rC+} (curse)
rNeg     + . .     Gourm    .   n - +4 pearl dragon scales (curse)
rPois    +         Faith    .   S - +0 hat of Precision Catastrophes {rElec rF++} (curse)
rElec    +         Spirit   .   J - +0 cloak {rPois} (curse)
rCorr    .         Reflect  .   C - +0 pair of fencer's gloves {Riposte Dex+6} (curse)
MR       +....     Clarity  +   L - +0 pair of boots (curse)
Stlth    ++++++....             d - amulet of magic regeneration (curse)
HPRegen  0.43/turn              z - ring of the Final Decision {rElec rPois rF+ Str+3 Dex-5 SInv} (curse)
MPRegen  0.80/turn              A - +6 ring of intelligence (curse)

@: studying Dodging
A: distributed training, fangs 1, hooves 1, wild magic 1, sturdy frame 1, strong
nose
}: 3/15 runes: decaying, serpentine, slimy
a: Curse Item, Scrying, Renounce Religion


You were on level 1 of the Realm of Zot.
You worshipped Ashenzari.
Ashenzari was exalted by your worship.
You were hungry.

You visited 9 branches of the dungeon, and saw 39 of its levels.
You also visited: Trove, Sewer, Ice Cave and Wizlab.

You collected 5693 gold pieces.
You spent 3310 gold pieces at shops.

Inventory:

Hand Weapons
 a - a +5 fustibalus of freezing
 b - a +8 eveningstar of crushing
 M - the +7 sceptre of Torment {pain, torment}
   (You found it in an ice cave)

   In the hands of one skilled in necromantic magic, it inflicts extra damage on
   living creatures.
Missiles
 i - 1152 sling bullets
Armour
 n - cursed +4 pearl dragon scales (worn)
 r - a cursed +0 buckler of cold resistance (worn)
 C - the cursed +0 pair of fencer's gloves (worn) {Riposte Dex+6}
   (You bought it in a shop on level 12 of the Dungeon)

   It affects your dexterity (+6).
   It has a curse placed upon it.
 J - a cursed +0 cloak of poison resistance (worn)
 L - a cursed +0 pair of boots (worn)
 S - the cursed +0 hat of Precision Catastrophes (worn) {rElec rF++}
   (You found it in a treasure trove)

   It greatly protects you from fire.
   It insulates you from electricity.
   It has a curse placed upon it.
 T - a +2 helmet
Magical Staves
 D - an uncursed staff of wizardry (weapon)
 N - a cursed staff of power
Jewellery
 d - a cursed amulet of magic regeneration (around neck)
 m - the ring "Tawkel" {+Fly Str+3}
   (You took it off a salamander on level 2 of the Snake Pit)

   [ring of flight]

   It affects your strength (+3).
   It lets you fly.
 z - the cursed ring of the Final Decision (left hand) {rElec rPois rF+ Str+3 Dex-5 SInv}
   (You found it on level 2 of the Depths)

   [ring of protection from fire]

   It affects your strength (+3).
   It affects your dexterity (-5).
   It protects you from fire.
   It insulates you from electricity.
   It protects you from poison.
   It lets you see invisible.
   It has a curse placed upon it.
 A - a cursed +6 ring of intelligence (right hand)
 I - an uncursed ring of protection from magic
 Y - the ring of Moto {+Fly Str+3}
   (You found it on level 4 of the Lair of Beasts)

   [ring of flight]

   It affects your strength (+3).
   It lets you fly.
Wands
 c - a wand of acid (1)
 t - a wand of scattershot (14)
 x - a wand of digging (13)
 Q - a wand of iceblast (29)
 R - a wand of disintegration (48)
 V - a wand of paralysis (4)
Scrolls
 f - 18 scrolls of remove curse
 j - 14 scrolls of teleportation
 k - 11 scrolls of fear
 y - a scroll of noise
 E - 3 scrolls of blinking
 H - 5 scrolls of fog
 O - a scroll of summoning
 U - 2 scrolls of vulnerability
Potions
 g - 3 potions of resistance
 o - 21 potions of curing
 s - a potion of invisibility
 w - a potion of cancellation
 B - 4 potions of mutation
 F - 5 potions of brilliance
 G - 4 potions of might
 K - 3 potions of magic
 P - a potion of berserk rage
 X - 7 potions of lignification
 Z - 2 potions of flight
Miscellaneous
 h - a lamp of fire (inert)
 q - a phial of floods
 u - a lightning rod (4/4)
 v - a sack of spiders
Comestibles
 e - 100 rations {!d}
 W - 2 chunks of flesh


   Skills:
 + Level 17.1(20.2) Fighting
 + Level 16.2(19.3) Short Blades
 + Level 16.2(19.3) Long Blades
 + Level 16.2(19.3) Axes
 + Level 16.2(19.3) Maces & Flails
 + Level 16.2(19.3) Polearms
 + Level 17.1(20.2) Staves
 + Level 16.2(19.3) Slings
 + Level 16.2(19.3) Bows
 + Level 16.2(19.3) Crossbows
 + Level 16.2(19.3) Throwing
 + Level 16.2(19.3) Armour
 + Level 21.7(24.4) Dodging
 + Level 16.7(19.7) Stealth
 + Level 16.2(19.3) Shields
 + Level 16.2(19.3) Unarmed Combat
 + Level 16.2(19.3) Spellcasting
 + Level 14.0(17.4) Conjurations
 + Level 14.0(17.4) Hexes
 + Level 14.0(17.4) Charms
 + Level 14.0(17.4) Summonings
 + Level 14.0(17.4) Necromancy
 + Level 14.0(17.4) Translocations
 + Level 14.0(17.4) Transmutations
 + Level 14.0(17.4) Fire Magic
 + Level 14.0(17.4) Ice Magic
 + Level 14.0(17.4) Air Magic
 + Level 14.0(17.4) Earth Magic
 + Level 14.0(17.4) Poison Magic
 + Level 18.0(20.8) Invocations
 + Level 16.2(19.3) Evocations


You had 2 spell levels left.
You knew the following spells:

 Your Spells              Type           Power        Failure   Level  Hunger
a - Ignition              Hex/Fire       ########..   12%         8    ####...
b - Portal Projectile     Tloc           ######       1%          3    None
c - Piercing Shot         Chrm           ########..   1%          5    None
d - Chain Lightning       Conj/Air       ########..   12%         8    ####...
e - Freezing Cloud        Ice/Air        ########     1%          5    None
f - Iron Shot             Conj/Erth      ########..   1%          6    None
g - Aura of Abjuration    Summ           ########..   1%          6    None
h - Metabolic Englaciati  Hex/Ice        ########..   1%          5    None
i - Summon Butterflies    Summ           ########     1%          1    None
j - Controlled Blink      Tloc           ########     1%          7    ##.....

Your spell library contained the following spells:

 Spells                   Type           Power        Failure   Level  Hunger
 Apportation              Tloc           ######       1%          1    None
 Beastly Appendage        Tmut           ######       1%          1    None
 Corona                   Hex            #######      1%          1    None
 Flame Tongue             Conj/Fire      #####        1%          1    None
 Freeze                   Ice            ######       1%          1    None
 Infusion                 Chrm           ########     1%          1    None
 Magic Dart               Conj           ####         1%          1    None
 Necrotize                Necr           ######       1%          1    None
 Sandblast                Erth           ######       1%          1    None
 Slow                     Hex            ########     1%          1    None
 Static Discharge         Air            ######       1%          1    None
 Summon Small Mammal      Summ           ####         1%          1    None
 Blink                    Tloc           N/A          1%          2    None
 Call Imp                 Summ           ######       1%          2    None
 Ensorcelled Hibernation  Hex/Ice        ######       1%          2    None
 Flaming Arrows           Chrm/Fire      ########     1%          2    None
 Passwall                 Tmut/Erth      ########     1%          2    None
 Poisonous Vapours        Pois/Air       ######       1%          2    None
 Searing Ray              Conj           ########     1%          2    None
 Shock                    Conj/Air       #######      1%          2    None
 Sticks to Snakes         Tmut           ########     1%          2    None
 Swiftness                Chrm/Air       ########     1%          2    None
 Throw Frost              Conj/Ice       ######       1%          2    None
 Beckoning                Tloc           ########..   1%          3    None
 Call Canine Familiar     Summ           ########     1%          3    None
 Confuse                  Hex            ########     1%          3    None
 Conjure Flame            Conj/Fire      ########     1%          3    None
 Dazzling Orbs            Conj/Hex       #######      1%          3    None
 Inner Flame              Hex/Fire       N/A          1%          3    None
 Iskenderun's Mystic Bla  Conj           ########     1%          3    None
 Mephitic Cloud           Conj/Pois/Air  ########     1%          3    None
 Ozocubu's Armour         Chrm/Ice       ########     1%          3    None
 Spider Form              Tmut/Pois      ###          1%          3    None
 Tukima's Dance           Hex            ########     1%          3    None
 Vampiric Draining        Necr           ########..   1%          3    None
 Agony                    Necr           ########     1%          4    None
 Animate Dead             Necr           N/A          1%          4    None
 Cause Fear               Hex            ########..   1%          4    None
 Force Lance              Tloc           ########     1%          4    None
 Fulminant Prism          Conj/Hex       ########..   1%          4    None
 Ice Form                 Ice/Tmut       ########     1%          4    None
 Lightning Bolt           Conj/Air       ########     1%          4    None
 Petrify                  Tmut/Erth      ########..   1%          4    None
 Sticky Flame             Conj/Fire      ########     1%          4    None
 Summon Ice Beast         Ice/Summ       ########     1%          4    None
 Throw Icicle             Conj/Ice       ########     1%          4    None
 Tree Form                Hex/Tmut       N/A          1%          4    None
 Yara's Violent Unravell  Hex/Tmut       ########..   1%          4    None
 Blade Hands              Tmut           ########..   1%          5    None
 Bolt of Draining         Conj/Necr      ########..   1%          5    None
 Bolt of Magma            Conj/Fire/Erth ########..   1%          5    None
 Dispel Undead            Necr           ########     1%          5    None
 Fireball                 Conj/Fire      ########..   1%          5    None
 Irradiate                Conj/Tmut      ########..   1%          5    None
 Iskenderun's Battlesphe  Conj/Chrm      ########     1%          5    None
 Silence                  Hex/Air        ########..   1%          5    None
 Steam Barrier            Chrm/Fire      ########..   1%          5    None
 Summon Lightning Spire   Summ/Air       ########     1%          5    None
 Bolt of Cold             Conj/Ice       ########..   1%          6    None
 Bolt of Fire             Conj/Fire      ########..   1%          6    None
 Conjure Ball Lightning   Conj/Air       ########..   1%          6    None
 Deflect Missiles         Chrm/Air       ########..   1%          6    None
 Dispersal                Tloc           ########..   1%          6    None
 Invisibility             Hex            ########     1%          6    None
 Ozocubu's Refrigeration  Ice            ########..   1%          6    None
 Poison Arrow             Conj/Pois      ########..   1%          6    None
 Simulacrum               Ice/Necr       ########     1%          6    None
 Statue Form              Tmut/Erth      ########.    1%          6    None
 Blight                   Necr/Pois      ########.    1%          7    ##.....
 Dragon Form              Tmut           #######      1%          7    ##.....
 Mana Rupture             Conj/Hex       ########..   1%          7    ##.....
 Necromutation            Tmut/Necr      ########     12%         8    ####...
 Time Stop                Chrm/Tloc      N/A          12%         8    ####...


Dungeon Overview and Level Annotations

Branches:
Dungeon (12/12)            Temple (0/1) D:7            Lair (6/6) D:7
  Swamp (3/3) Lair:4        Snake (3/3) Lair:4        Slime (5/5) Orc
    Orc (1/1) D:11         Vaults (0/3) D:11         Forest (3/3) Lair:5
 Depths (5/5) D:12            Zot (1/5) Depths:5

Altars:
Ashenzari
Dithmenos
Kikubaaqudgha
Lugonu
Qazlal
Trog
Jiyva

Shops:
D:8 :   D:10 [   D:12 *   Orc **!((:   Snake:1 (=   Snake:3 (

Portals:
Hell: Depths:1 Depths:2 Depths:3 Depths:4 Depths:5
Abyss: Lair:6 Depths:1 Depths:2 Depths:5
Pandemonium: Depths:1 Depths:2 Depths:3
Ziggurat: Depths:1

Annotations:
D:4 Eustachio
D:9 exclusion: door
Swamp:3 1 exclusion
Snake:1 1 exclusion
Forest:3 3 exclusions
Depths:3 1 exclusion
Zot:1 Tiamat


Innate Abilities, Weirdness & Mutations

Your experience applies equally to all skills.
You have very sharp teeth.
Your uncanny sense of smell can sniff out nearby items.
You have large cloven feet.
Your spells are a little harder to cast, but a little more powerful.
Your movements are slightly less encumbered by armour. (ER -2)


Message History

You block the golden dragon's attack.
Okay, then.
Okay, then.
Your blink will be uncontrolled - continue anyway?
The Orb prevents control of your translocation!
You blink.
As you read the scroll of blinking, it crumbles to dust.
* * * LOW HITPOINT WARNING * * *
You feel very sick.
You feel better. The golden dragon breathes fire at you. You resist.
The bolt of fire hits you.
* * * LOW HITPOINT WARNING * * *
Casting: Chain Lightning (quite dangerous; 12% risk of failure)
Confirm with . or Enter, or press ? or * to list all spells.
You don't have enough magic to cast that spell.
Unknown command.
Tiamat breathes acid at you. The bolt of acid hits you!!!
You die...

##### ##...## * **
*######D..@.## ,
,,#..##.......## ,
*, ,{#[.).d.......#
,*#....)##.........#
##..)# #.........# ,
,#.).# ∆##....##'##
,,#..# ,##.^##...##
#.# {* *,####.....##
*,#))° * ##.......##


You could see Tiamat and a golden dragon.

Vanquished Creatures
  the Royal Jelly (Slime:5)
  Dissolution (Slime:2)
  3 juggernauts
  A Killer Klown (Depths:3)
  the Enchantress (Forest:3)
  Saint Roka (Orc)
  Gastronok (D:9)
  6 caustic shrikes
  2 rockslimes
  Asterion (Snake:3)
  4 liches
  An Ice Fiend (IceCv)
  4 wendigos
  32 acid blobs
  A sphinx (Depths:3)
  2 titans (Depths:3)
  A quicksilver dragon (Depths:4)
  8 thorn hunters
  Kirke (Lair:3)
  6 storm dragons
  3 shadow dragons
  3 tengu reavers
  7 nagarajas
  A greenwood witch (Forest:1)
  A draconian monk (Zot:1)
  3 frost giants
  A greenwood witch (shapeshifter) (Depths:2)
  An apis (Forest:3)
  6 fire giants
  13 azure jellies
  An iron dragon (Depths:1)
  3 draconian stormcallers
  18 stone giants
  An eye of devastation (shapeshifter) (Depths:4)
  2 eyes of devastation
  11 spriggan defenders
  15 very ugly things
  A draconian annihilator (Depths:5)
  2 elemental wellsprings
  2 lorocyprocas (Depths:2)
  2 black draconians
  3 green draconians (Zot:1)
  11 purple draconians (WizLab)
  2 red draconians (Depths:5)
  4 white draconians
  2 yellow draconians (Zot:1)
  11 spark wasps
  A dire elephant (Forest:2)
  9 statues (WizLab)
  12 ettins
  3 merfolk javelineers
  A fire dragon (shapeshifter) (Depths:1)
  Urug (Orc)
  10 fire dragons
  5 yaktaur captains
  Fannar (Lair:3)
  10 ice dragons
  24 hydras
  5 ogre magi
  12 naga warriors
  11 spriggan air magi
  3 rakshasas
  2 catoblepae (Depths:1)
  A ghost crab (Swamp:2)
  The ghost of LaBretonne the Thaumaturge, a journeyman DjSu of Sif Muna (Lair:1)
  8 anacondas
  Erica (Orc)
  18 alligators
  10 death oozes
  17 great orbs of eyes
  22 two-headed ogres
  A death knight (D:11)
  8 deep troll shamans
  9 satyrs
  Sonja (Lair:4)
  6 shambling mangroves
  37 death yaks
  16 naga sharpshooters
  10 spriggan berserkers
  A thrashing horror (Lair:6)
  2 sea snakes (Snake:3)
  2 ancient automatons
  A deep troll earth mage (Depths:5)
  5 shock serpents
  3 vampire magi
  Nergalle (Lair:3)
  16 deep trolls
  2 salamander mystics
  11 hell knights (Depths:4)
  4 centaur warriors
  A death drake (Swamp:2)
  4 iron trolls
  An unseen horror (D:12)
  A golden dragon zombie (Depths:3)
  7 spriggan druids
  7 swamp dragons
  A glowing orange brain (Depths:2)
  2 shadow demons
  3 flayed ghosts
  2 cyclopes
  8 naga ritualists
  A phantasmal warrior (D:11)
  A mana viper (shapeshifter) (Depths:1)
  A wolf spider (Lair:5)
  A wolf spider zombie (D:9)
  8 mana vipers
  An orc sorcerer (Orc)
  2 orb spiders (shapeshifter)
  17 naga magi
  A fire giant zombie (Depths:3)
  14 ugly things
  14 fauns
  9 shining eyes
  7 necromancers
  4 oklob plants
  2 manticores
  A moth of wrath (Zot:1)
  8 salamanders
  18 deep elf magi
  8 will-o'-wisps
  A spriggan zombie (Depths:3)
  A guardian serpent (shapeshifter) (Lair:6)
  6 guardian serpents (Snake:3)
  A large abomination (Lair:6)
  An ice statue (IceCv)
  A rust devil (Depths:3)
  7 elephants
  30 black mambas
  3 smoke demons
  2 water nymphs (Forest:3)
  An orange demon (Depths:3)
  20 cane toads
  A storm dragon simulacrum (Depths:3)
  2 gargoyles (D:12)
  A rime drake (shapeshifter) (Depths:4)
  A rime drake (Lair:6)
  A komodo dragon (shapeshifter) (Lair:6)
  19 yaktaurs
  9 komodo dragons
  2 ancient zymes (Lair:6)
  A freezing wraith (D:11)
  2 kobold demonologists
  5 ice devils
  An eye of draining (D:10)
  2 anaconda simulacra (IceCv)
  5 trolls
  2 dryads (Forest:2)
  2 golden dragon simulacra (IceCv)
  A wolf spider simulacrum (IceCv)
  A troll (shapeshifter) (Depths:1)
  A polar bear (Lair:2)
  A harpy zombie (D:10)
  A harpy skeleton (D:11)
  33 hornets
  18 blink frogs
  12 hippogriffs
  6 tyrant leeches
  Prince Ribbit (Lair:3)
  A dream sheep (Lair:6)
  153 slime creatures
  9 bog bodies
  4 dire elephant simulacra (IceCv)
  A shadow (D:11)
  30 spriggans
  A tarantella (shapeshifter) (Depths:1)
  A ynoxinul (Lair:6)
  41 water elementals
  33 yaks
  5 wraiths
  2 hogs (D:7)
  4 wyverns
  6 basilisks
  A yak (shapeshifter) (Depths:2)
  A human (D:7)
  15 vampire mosquitoes
  A fire bat (shapeshifter) (Depths:2)
  3 hungry ghosts
  4 golden eyes
  2 harpy simulacra (IceCv)
  A death yak simulacrum (IceCv)
  2 iron troll simulacra (IceCv)
  8 swamp worms
  10 crocodiles
  72 nagas
  14 water moccasins
  10 porcupines
  A floating eye (Depths:2)
  A cane toad skeleton (D:10)
  2 hydra simulacra (IceCv)
  2 ice beasts
  A black bear (D:6)
  7 swamp drakes
  2 sky beasts
  A hornet zombie (D:10)
  3 orc warriors
  10 wolves
  A phantom (D:11)
  An ettin simulacrum (IceCv)
  31 ogres
  8 boggarts (Depths:1)
  6 kobold brigands
  7 bullfrogs
  7 earth elementals (Depths:1)
  A wyvern zombie (D:8)
  6 centaurs
  3 scorpions
  4 killer bees (D:7)
  A troll zombie (D:11)
  An elephant simulacrum (IceCv)
  10 wights
  4 electric eels
  2 howler monkeys
  8 orc priests
  7 crimson imps
  A bullfrog zombie (D:5)
  5 draconian simulacra (IceCv)
  A quasit (D:5)
  7 hounds
  3 jellies (Orc)
  5 orc wizards
  3 bullfrog skeletons
  3 iguanas
  7 worker ants
  5 troll simulacra (IceCv)
  A polar bear simulacrum (IceCv)
  A spriggan simulacrum (IceCv)
  3 wolf simulacra (IceCv)
  5 ogre zombies (D:11)
  6 small abominations (Lair:6)
  A hound zombie (D:7)
  A hound skeleton (D:3)
  5 worker ant zombies
  A howler monkey zombie (D:4)
  2 naga simulacra (IceCv)
  16 adders
  A river rat (D:5)
  An ogre simulacrum (IceCv)
  2 shadow imps
  6 white imps (IceCv)
  A centaur simulacrum (IceCv)
  6 ufetubi (IceCv)
  2 oozes (D:2)
  2 adder skeletons
  6 worms
  3 dart slugs
  5 leopard geckos
  40 orcs
  10 bats
  3 giant cockroaches (D:5)
  12 hobgoblins
  27 jackals
  14 kobolds
  5 quokkas
  3 ball pythons
  8 frilled lizards
  8 goblins
  A hobgoblin skeleton (D:11)
  A hobgoblin zombie (D:11)
  2 orc skeletons (D:11)
  8 orc zombies (D:11)
  2 quokka skeletons
  2 rats (D:1)
  4 bushes
  2 fungi
  16 plants
1750 creatures vanquished.

Vanquished Creatures (collateral kills)
  4 nagarajas (Snake:3)
  Aizul (Snake:3)
  2 spriggan defenders
  A stone giant (Depths:2)
  A black draconian (Zot:1)
  A yaktaur captain (D:12)
  2 ice dragons
  8 naga warriors
  An ogre mage (Orc)
  Psyche (D:9)
  A catoblepas (D:12)
  2 two-headed ogres
  A death knight (D:11)
  An alligator (Swamp:2)
  A sea snake (Snake:3)
  4 naga sharpshooters (Snake:3)
  A thrashing horror (Lair:6)
  A skeletal warrior (D:11)
  2 naga ritualists
  A necromancer (Depths:2)
  An ugly thing (D:12)
  A naga mage (Snake:3)
  A salamander (Snake:2)
  4 black mambas
  A smoke demon (Lair:6)
  A rime drake (Lair:6)
  An ancient zyme (Lair:6)
  A troll (D:11)
  A meliai (shapeshifter) (D:12)
  A tyrant leech (Swamp:1)
  2 hornets
  3 slime creatures
  5 blink frogs (Lair:6)
  2 hippogriffs (Lair:6)
  6 dream sheep (Lair:6)
  2 spriggans (Forest:1)
  3 yaks
  3 wraiths (D:11)
  A shadow (D:12)
  3 basilisks (Lair:6)
  A chaos spawn (Lair:6)
  9 nagas
  A vampire mosquito (Swamp:1)
  An acid dragon (D:12)
  A crocodile (Lair:6)
  A swamp drake (Swamp:2)
  2 orc warriors (Orc)
  A black bear (D:9)
  3 small abominations (Lair:6)
  A phantom (D:12)
  4 ogres (Orc)
  A kobold brigand (D:12)
  3 centaurs
  2 wights (D:10)
  A howler monkey (D:12)
  2 orc priests
  A crimson imp (D:12)
  An orc wizard (Orc)
  2 worker ants
  A polar bear simulacrum (IceCv)
  2 ogre zombies (D:11)
  2 adders (D:10)
  A shadow imp (D:10)
  A centaur simulacrum (IceCv)
  8 orcs
  2 kobolds (D:12)
  A goblin skeleton (D:11)
  5 hobgoblin zombies (D:11)
  7 orc zombies (D:11)
  A ball lightning (Forest:1)
149 creatures vanquished.

Vanquished Creatures (others)
  A storm dragon skeleton (Depths:3)
  An unseen horror (D:11)
  A naga mage (Snake:3)
  A human (Lair:3)
  A naga (Snake:3)
  2 white imps (IceCv)
  156 ball lightnings
  2 bushes
  23 fungi
  198 plants
386 creatures vanquished.

Grand Total: 2285 creatures vanquished

Notes
Turn   | Place    | Note
-------+----------+-------------------------------------------
     0 | D:1      | Mehrunes the Gnoll Monk began the quest for the Orb.
     0 | D:1      | Reached XP level 1. HP: 23/23 MP: 3/3
   182 | D:1      | Reached XP level 2. HP: 29/29 MP: 5/5
   199 | D:1      | Found a shattered altar of Ashenzari.
   363 | D:1      | Became a worshipper of Ashenzari the Shackled
   363 | D:1      | Reached * piety under Ashenzari
   363 | D:1      | Reached ** piety under Ashenzari
   364 | D:1      | Found the cursed amulet of Vision {SInv *Curse}
   501 | D:1      | Reached skill level 5 in Invocations
   827 | D:1      | Reached XP level 3. HP: 35/35 MP: 6/6
  1037 | D:2      | Noticed an ogre
  1121 | D:2      | Noticed a sky beast
  1198 | D:1      | Killed a sky beast
  1199 | D:1      | Reached skill level 1 in Short Blades
  1199 | D:1      | Reached skill level 1 in Long Blades
  1199 | D:1      | Reached skill level 1 in Axes
  1199 | D:1      | Reached skill level 1 in Maces & Flails
  1199 | D:1      | Reached skill level 1 in Polearms
  1199 | D:1      | Reached skill level 1 in Slings
  1199 | D:1      | Reached skill level 1 in Bows
  1199 | D:1      | Reached skill level 1 in Crossbows
  1199 | D:1      | Reached skill level 1 in Throwing
  1199 | D:1      | Reached skill level 1 in Armour
  1199 | D:1      | Reached skill level 1 in Shields
  1199 | D:1      | Reached skill level 1 in Unarmed Combat
  1199 | D:1      | Reached skill level 1 in Spellcasting
  1199 | D:1      | Reached skill level 1 in Conjurations
  1199 | D:1      | Reached skill level 1 in Hexes
  1199 | D:1      | Reached skill level 1 in Charms
  1199 | D:1      | Reached skill level 1 in Summonings
  1199 | D:1      | Reached skill level 1 in Necromancy
  1199 | D:1      | Reached skill level 1 in Translocations
  1199 | D:1      | Reached skill level 1 in Transmutations
  1199 | D:1      | Reached skill level 1 in Fire Magic
  1199 | D:1      | Reached skill level 1 in Ice Magic
  1199 | D:1      | Reached skill level 1 in Air Magic
  1199 | D:1      | Reached skill level 1 in Earth Magic
  1199 | D:1      | Reached skill level 1 in Poison Magic
  1199 | D:1      | Reached skill level 1 in Evocations
  1199 | D:1      | Reached XP level 4. HP: 34/41 MP: 7/7
  1199 | D:1      | Reached XP level 5. HP: 39/47 MP: 8/8
  1623 | D:2      | Killed an ogre
  1624 | D:2      | Reached XP level 6. HP: 17/53 MP: 8/10
  2852 | D:3      | Identified the ring "Fiwo Ifaa" {+Fly rPois rN+ Int-3}
  3011 | D:3      | Reached skill level 5 in Stealth
  3485 | D:4      | Noticed Eustachio
  3769 | D:4      | Reached XP level 7. HP: 59/59 MP: 11/11
  3840 | D:4      | Reached skill level 7 in Dodging
  4141 | D:5      | Entered Level 5 of the Dungeon
  4221 | D:5      | Reached *** piety under Ashenzari
  4498 | D:5      | Reached XP level 8. HP: 56/67 MP: 12/12
  4526 | D:5      | Found a glowing drain.
  4536 | Sewer    | Entered a sewer
  5581 | D:5      | Found a shadowy altar of Dithmenos.
  6362 | D:6      | Got the hand axe "Rixeakaz" {drain, rC++ MR+}
  6568 | D:6      | Learned a level 3 spell: Mephitic Cloud
  6570 | D:6      | Learned a level 1 spell: Apportation
  6572 | D:6      | Learned a level 1 spell: Summon Butterflies
  6576 | D:6      | Learned a level 3 spell: Conjure Flame
  6929 | D:6      | Found a stormy altar of Qazlal.
  7339 | D:7      | Got the trident of Godoer {drain, SInv}
  7419 | D:7      | Found an ancient bone altar of Kikubaaqudgha.
  7436 | D:7      | Identified the +5 trident of Godoer {drain, SInv} (You
                  | found it on level 7 of the Dungeon)
  7447 | D:7      | Reached XP level 9. HP: 72/72 MP: 14/14
  7603 | D:7      | Found a staircase to the Ecumenical Temple.
  7776 | D:7      | Noticed a troll
  7884 | D:7      | Killed a troll
  8080 | D:7      | Reached skill level 8 in Dodging
  8538 | D:7      | Reached XP level 10. HP: 61/80 MP: 17/17
  8595 | D:7      | Found a staircase to the Lair.
  8618 | D:7      | Reached **** piety under Ashenzari
  9093 | D:8      | Found Epraassaro's Book Shop.
  9194 | D:8      | Reached skill level 5 in Short Blades
  9194 | D:8      | Reached skill level 5 in Long Blades
  9194 | D:8      | Reached skill level 5 in Axes
  9194 | D:8      | Reached skill level 5 in Maces & Flails
  9194 | D:8      | Reached skill level 5 in Polearms
  9194 | D:8      | Reached skill level 5 in Slings
  9194 | D:8      | Reached skill level 5 in Bows
  9194 | D:8      | Reached skill level 5 in Crossbows
  9194 | D:8      | Reached skill level 5 in Throwing
  9194 | D:8      | Reached skill level 5 in Armour
  9194 | D:8      | Reached skill level 5 in Shields
  9194 | D:8      | Reached skill level 5 in Unarmed Combat
  9194 | D:8      | Reached skill level 5 in Spellcasting
  9194 | D:8      | Reached skill level 5 in Evocations
 10000 | D:9      | Noticed Psyche
 10142 | Lair:1   | Entered Level 1 of the Lair of Beasts
 10407 | Lair:1   | Found a runed translucent gate.
 10407 | Lair:1   | Found a runed translucent gate.
 10407 | Lair:1   | Found a runed translucent gate.
 10408 | Lair:1   | Noticed LaBretonne's ghost (journeyman DjSu)
 10409 | Lair:1   | Noticed a five-headed hydra
 11603 | Lair:1   | Killed a five-headed hydra
 11604 | Lair:1   | Reached skill level 9 in Dodging
 11604 | Lair:1   | Reached XP level 11. HP: 84/87 MP: 19/19
 12045 | Lair:1   | Killed LaBretonne's ghost
 12170 | Lair:2   | Identified the ring of Porroif {Ice Int+2}
 12181 | Lair:2   | Reached skill level 5 in Conjurations
 12181 | Lair:2   | Reached skill level 5 in Hexes
 12181 | Lair:2   | Reached skill level 5 in Charms
 12181 | Lair:2   | Reached skill level 5 in Summonings
 12181 | Lair:2   | Reached skill level 5 in Necromancy
 12181 | Lair:2   | Reached skill level 5 in Translocations
 12181 | Lair:2   | Reached skill level 5 in Transmutations
 12181 | Lair:2   | Reached skill level 5 in Fire Magic
 12181 | Lair:2   | Reached skill level 5 in Ice Magic
 12181 | Lair:2   | Reached skill level 5 in Air Magic
 12181 | Lair:2   | Reached skill level 5 in Earth Magic
 12181 | Lair:2   | Reached skill level 5 in Poison Magic
 12216 | Lair:2   | Noticed an eight-headed hydra
 12224 | Lair:2   | Killed an eight-headed hydra
 12276 | Lair:2   | Reached ***** piety under Ashenzari
 12905 | Lair:3   | Noticed Prince Ribbit
 12994 | Lair:3   | Killed Prince Ribbit
 13078 | Lair:3   | Identified the ring of Igiczegu {Ice Int+2}
 13080 | Lair:3   | Noticed a death yak
 13104 | Lair:3   | Noticed a death yak
 13165 | Lair:3   | Killed a death yak
 13166 | Lair:3   | Reached skill level 10 in Dodging
 13238 | Lair:3   | Identified the ring "Runlotoh" {Ice -Tele +Fly Int+3}
 13238 | Lair:3   | Noticed Fannar
 13258 | Lair:3   | Killed Fannar
 13259 | Lair:3   | Reached XP level 12. HP: 96/96 MP: 20/22
 13407 | Lair:3   | Noticed Nergalle
 13493 | Lair:3   | Killed Nergalle
 13507 | Lair:3   | Noticed Kirke
 13530 | Lair:3   | Killed Kirke
 13641 | Lair:3   | Noticed a death yak
 13641 | Lair:3   | Noticed a death yak
 13641 | Lair:3   | Noticed a death yak
 13660 | Lair:3   | Killed a death yak
 13667 | Lair:3   | Killed a death yak
 13672 | Lair:3   | Killed a death yak
 13679 | Lair:3   | Killed a death yak
 13680 | Lair:3   | Reached skill level 11 in Dodging
 13814 | Lair:3   | Reached skill level 10 in Fighting
 13814 | Lair:3   | Reached skill level 10 in Staves
 14307 | Lair:4   | Reached XP level 13. HP: 103/103 MP: 24/24
 14517 | Lair:4   | Found a staircase to the Snake Pit.
 14563 | Lair:4   | Reached skill level 10 in Invocations
 14623 | Lair:4   | Identified the ring of Moto {+Fly Str+3}
 14770 | Lair:4   | Noticed Sonja
 14863 | Lair:4   | Killed Sonja
 15186 | Lair:4   | Reached skill level 12 in Dodging
 15386 | Lair:4   | Found a staircase to the Swamp.
 16633 | Lair:5   | Reached XP level 14. HP: 111/111 MP: 26/26
 16666 | Lair:5   | Found a staircase to the Spriggan Forest.
 16940 | Lair:5   | Reached skill level 10 in Stealth
 17237 | Lair:5   | Learned a level 5 spell: Freezing Cloud
 17369 | D:8      | Bought a book of Lightning for 675 gold pieces
 17375 | D:8      | Learned a level 5 spell: Summon Lightning Spire
 17514 | Lair:6   | Entered Level 6 of the Lair of Beasts
 18113 | Lair:6   | Reached ****** piety under Ashenzari
 18424 | Lair:6   | Learned a level 6 spell: Aura of Abjuration
 18906 | Lair:6   | Reached skill level 13 in Dodging
 19319 | Lair:6   | Found a corrupted altar of Lugonu.
 19319 | Lair:6   | Found a one-way gate to the infinite horrors of the Abyss.
 20220 | D:9      | Noticed Gastronok
 20230 | D:9      | Killed Gastronok
 20352 | D:9      | Killed Psyche
 20353 | D:9      | Reached XP level 15. HP: 119/119 MP: 26/28
 20745 | D:9      | Learned a level 5 spell: Metabolic Englaciation
 20783 | D:10     | Entered Level 10 of the Dungeon
 20952 | D:10     | Found Wypnuif's Armour Shoppe.
 21655 | D:11     | Found a gate to the Vaults.
 21972 | D:11     | Identified the ring of Vaunirar {Ice +Fly Str+3 Dex-2}
 22351 | D:11     | Found a staircase to the Orcish Mines.
 23158 | Orc      | Entered the Orcish Mines
 23158 | Orc      | Found Jin Wuom's Assorted Antiques.
 23182 | Orc      | Noticed Erica
 23189 | Orc      | Noticed Saint Roka
 23193 | Orc      | Killed Erica
 23194 | Orc      | Reached skill level 10 in Short Blades
 23194 | Orc      | Reached skill level 10 in Long Blades
 23194 | Orc      | Reached skill level 10 in Axes
 23194 | Orc      | Reached skill level 10 in Maces & Flails
 23194 | Orc      | Reached skill level 10 in Polearms
 23194 | Orc      | Reached skill level 10 in Slings
 23194 | Orc      | Reached skill level 10 in Bows
 23194 | Orc      | Reached skill level 10 in Crossbows
 23194 | Orc      | Reached skill level 10 in Throwing
 23194 | Orc      | Reached skill level 10 in Armour
 23194 | Orc      | Reached skill level 10 in Shields
 23194 | Orc      | Reached skill level 10 in Unarmed Combat
 23194 | Orc      | Reached skill level 10 in Spellcasting
 23194 | Orc      | Reached skill level 10 in Evocations
 23227 | Orc      | Killed Saint Roka
 23228 | Orc      | Reached skill level 14 in Dodging
 23331 | Orc      | Found Peyded's General Store.
 23558 | Orc      | Found a staircase to the Slime Pits.
 23558 | Orc      | Found a viscous altar of Jiyva.
 23667 | Orc      | Reached XP level 16. HP: 127/127 MP: 9/30
 23746 | Orc      | Noticed Urug
 23754 | Orc      | Killed Urug
 23762 | Orc      | Found Cehudi's Weapon Emporium.
 23762 | Orc      | Found Olaefum's Distillery.
 23824 | Orc      | Found Syergh's Book Shop.
 23824 | Orc      | Found Haguumay's Weapon Emporium.
 23834 | Orc      | Bought a book of Enchantments for 650 gold pieces
 24123 | D:11     | Learned a level 5 spell: Piercing Shot
 24142 | D:12     | Entered Level 12 of the Dungeon
 24330 | D:12     | Found Garrahiq's General Store.
 24713 | D:12     | Identified the +1 robe of Indemnity {rPois Str-3 Slay+2}
 25167 | D:12     | Found a staircase to the Depths.
 25459 | Snake:1  | Entered Level 1 of the Snake Pit
 25629 | Snake:1  | Identified the ring "Bukhlo" {Fire Str+4 Int-2 Stlth+}
 25989 | Snake:1  | Noticed a nagaraja
 26456 | Snake:1  | Reached skill level 15 in Dodging
 26636 | Snake:1  | Found Imeukute's Jewellery Shoppe.
 26636 | Snake:1  | Found Jailowyf's Antique Weapon Emporium.
 26903 | Snake:1  | Learned a level 6 spell: Conjure Ball Lightning
 27352 | Snake:2  | Identified the ring "Tawkel" {+Fly Str+3}
 27511 | Snake:2  | Reached XP level 17. HP: 134/135 MP: 28/32
 28407 | Snake:3  | Entered Level 3 of the Snake Pit
 30903 | D:12     | Bought the +0 pair of fencer's gloves {Riposte Dex+6} for
                  | 495 gold pieces
 30903 | D:12     | Found the +0 pair of fencer's gloves {Riposte Dex+6}
 31142 | Snake:3  | Learned a level 3 spell: Portal Projectile
 31600 | Snake:3  | Reached skill level 16 in Dodging
 31655 | Snake:3  | Reached skill level 10 in Conjurations
 31655 | Snake:3  | Reached skill level 10 in Hexes
 31655 | Snake:3  | Reached skill level 10 in Charms
 31655 | Snake:3  | Reached skill level 10 in Summonings
 31655 | Snake:3  | Reached skill level 10 in Necromancy
 31655 | Snake:3  | Reached skill level 10 in Translocations
 31655 | Snake:3  | Reached skill level 10 in Transmutations
 31655 | Snake:3  | Reached skill level 10 in Fire Magic
 31655 | Snake:3  | Reached skill level 10 in Ice Magic
 31655 | Snake:3  | Reached skill level 10 in Air Magic
 31655 | Snake:3  | Reached skill level 10 in Earth Magic
 31655 | Snake:3  | Reached skill level 10 in Poison Magic
 31737 | Snake:3  | Reached XP level 18. HP: 143/143 MP: 25/33
 31789 | Snake:3  | Noticed Aizul
 31798 | Snake:3  | Killed Aizul
 31872 | Snake:3  | Noticed Asterion
 31946 | Snake:3  | Killed Asterion
 32154 | Snake:3  | Got a serpentine rune of Zot
 32255 | Snake:3  | Found Rafi's Weapon Shoppe.
 33534 | Swamp:1  | Entered Level 1 of the Swamp
 34947 | Swamp:2  | Identified the +4 whip "Giuwkas" {chaos, rPois rF++ rC+
                  | Stlth-}
 35754 | Swamp:3  | Entered Level 3 of the Swamp
 35755 | Swamp:3  | Found a frozen archway.
 35764 | Swamp:3  | Noticed a wendigo
 35767 | IceCv    | Entered an ice cave
 36595 | IceCv    | Noticed an Ice Fiend
 36611 | IceCv    | Killed an Ice Fiend
 36612 | IceCv    | Reached XP level 19. HP: 49/149 MP: 22/35
 36761 | IceCv    | Found the +7 sceptre of Torment {pain, torment}
 37126 | Swamp:3  | Reached skill level 17 in Dodging
 37214 | Swamp:3  | Identified the +1 plate armour "Ebo Kol" {Int+4}
 37361 | Swamp:3  | Got a decaying rune of Zot
 38648 | Depths:1 | Entered Level 1 of the Depths
 38901 | Snake:1  | Bought an uncursed ring of insulation for 450 gold pieces
 39502 | Depths:1 | Found a one-way gate leading to the halls of Pandemonium.
 39815 | Depths:1 | Found a gateway to Hell.
 39815 | Depths:1 | Found a gateway to a ziggurat.
 40333 | Depths:1 | Reached XP level 20. HP: 149/159 MP: 36/36
 41715 | Depths:2 | Identified the +1 scale mail of the Morning {+Inv rF+}
 41715 | Depths:2 | Identified the ring of the Final Decision {rElec rPois rF+
                  | Str+3 Dex-5 SInv}
 41720 | Depths:2 | Paralysed by a floating eye for 2 turns
 41882 | Depths:2 | Noticed a rockslime
 42288 | Depths:2 | Reached skill level 18 in Dodging
 42807 | Depths:2 | Noticed a rockslime
 42842 | Depths:2 | Reached skill level 15 in Invocations
 43210 | Forest:1 | Entered Level 1 of the Spriggan Forest
 45398 | Forest:2 | Reached XP level 21. HP: 166/166 MP: 38/38
 46687 | Forest:3 | Entered Level 3 of the Spriggan Forest
 47744 | Forest:3 | Reached skill level 15 in Fighting
 47744 | Forest:3 | Reached skill level 15 in Staves
 48058 | Forest:3 | Identified the +7 whip of the Kidney {slash, rC+ Dex+3}
 48058 | Forest:3 | Identified the ring "Koal" {rF+ Int+2}
 48665 | Forest:3 | Identified the +2 trident of Kuit {drain, rPois}
 48736 | Forest:3 | Noticed a caustic shrike
 48754 | Forest:3 | Killed a caustic shrike
 49029 | Forest:3 | Identified the +0 faerie dragon scales {+Blink rPois rCorr
                  | Str+3 Dex-5}
 49029 | Forest:3 | Noticed the Enchantress
 49033 | Forest:3 | Killed the Enchantress
 49045 | Forest:3 | Reached skill level 19 in Dodging
 49280 | Forest:3 | Identified the cursed +0 leather armour of the Poles {+Inv
                  | rN+ SInv}
 49297 | Forest:3 | Identified the Almanac of Flying Orientation
 50973 | Depths:2 | Reached XP level 22. HP: 164/175 MP: 34/40
 51286 | Depths:2 | Killed a rockslime
 52210 | Depths:3 | Noticed a Killer Klown
 52210 | Depths:3 | Noticed a juggernaut
 52323 | Depths:3 | Found a magical portal.
 52380 | Depths:3 | Identified the +1 robe of Ashenzari's Scorn {rF+ Int+4}
 52467 | WizLab   | Entered Iskenderun's Mystic Tower
 52741 | WizLab   | Reached skill level 15 in Stealth
 53640 | WizLab   | Identified Iskenderun's Handbook of Battle Magic
 53640 | WizLab   | Identified Iskenderun's Disquisition on Attacks
 53938 | Depths:3 | Killed a Killer Klown
 54119 | Depths:3 | Learned a level 7 spell: Controlled Blink
 54321 | Depths:3 | Identified the +2 buckler of Caisuor {rN+}
 54526 | Depths:3 | Paralysed by a lich for 3 turns
 54544 | Depths:3 | Found a bloodstained altar of Trog.
 54764 | Depths:3 | Reached XP level 23. HP: 173/183 MP: 31/41
 55233 | Depths:3 | Killed a juggernaut
 55303 | Depths:3 | Reached skill level 20 in Dodging
 55701 | Depths:3 | Learned a level 7 spell: Mana Rupture
 56265 | Depths:4 | Noticed a juggernaut
 56289 | Depths:4 | Killed a juggernaut
 56290 | Depths:4 | Reached skill level 15 in Short Blades
 56290 | Depths:4 | Reached skill level 15 in Long Blades
 56290 | Depths:4 | Reached skill level 15 in Axes
 56290 | Depths:4 | Reached skill level 15 in Maces & Flails
 56290 | Depths:4 | Reached skill level 15 in Polearms
 56290 | Depths:4 | Reached skill level 15 in Slings
 56290 | Depths:4 | Reached skill level 15 in Bows
 56290 | Depths:4 | Reached skill level 15 in Crossbows
 56290 | Depths:4 | Reached skill level 15 in Throwing
 56290 | Depths:4 | Reached skill level 15 in Armour
 56290 | Depths:4 | Reached skill level 15 in Shields
 56290 | Depths:4 | Reached skill level 15 in Unarmed Combat
 56290 | Depths:4 | Reached skill level 15 in Spellcasting
 56290 | Depths:4 | Reached skill level 15 in Evocations
 56313 | Depths:4 | Noticed a caustic shrike
 56317 | Depths:4 | Noticed a caustic shrike
 56317 | Depths:4 | Noticed a caustic shrike
 56337 | Depths:3 | Gained mutation: You are occasionally teleported next to
                  | monsters. [mutagenic glow]
 56417 | Depths:3 | Lost mutation: You are occasionally teleported next to
                  | monsters. [potion of mutation]
 56417 | Depths:3 | Gained mutation: Your movements are slightly less
                  | encumbered by armour. (ER -2) [potion of mutation]
 56417 | Depths:3 | Gained mutation: Your spells are a little harder to cast,
                  | but a little more powerful. [potion of mutation]
 56417 | Depths:3 | Gained mutation: You have large cloven feet. [potion of
                  | mutation]
 56550 | Depths:4 | Noticed a caustic shrike
 56555 | Depths:4 | Killed a caustic shrike
 56573 | Depths:4 | Killed a caustic shrike
 56795 | Depths:4 | Killed a caustic shrike
 56866 | Depths:4 | Noticed a caustic shrike
 57402 | Depths:4 | Learned a level 6 spell: Iron Shot
 57452 | Depths:4 | Killed a caustic shrike
 57600 | Depths:4 | Killed a caustic shrike
 57697 | Depths:4 | Identified the ring "Hehoab" {rPois rC+ Str+4}
 57972 | Depths:4 | Found the amulet of the Air {Inacc +Fly rElec EV+5 RMsl}
 58173 | Depths:4 | Noticed a juggernaut
 58186 | Depths:4 | Killed a juggernaut
 58187 | Depths:4 | Reached XP level 24. HP: 191/191 MP: 38/42
 58287 | Depths:2 | Learned a level 8 spell: Ignition
 58427 | Slime:1  | Entered Level 1 of the Pits of Slime
 59593 | Slime:2  | Noticed Dissolution
 59600 | Slime:2  | Killed Dissolution
 61589 | Slime:4  | Reached skill level 21 in Dodging
 62056 | Slime:5  | Entered Level 5 of the Pits of Slime
 62635 | Slime:5  | Noticed the Royal Jelly
 62640 | Slime:5  | Killed the Royal Jelly
 62641 | Slime:5  | Reached XP level 25. HP: 180/200 MP: 20/42
 63011 | Slime:5  | Identified the ring of Nurecank {SInv Stlth--}
 63028 | Slime:5  | Identified the +8 triple crossbow of Triumph {freeze,
                  | *Contam rC+ Dex+2}
 63064 | Slime:5  | Got a slimy rune of Zot
 63214 | Slime:5  | Identified the +4 hand crossbow "Uroatut" {venom, rF++}
 63600 | Slime:5  | Learned a level 8 spell: Chain Lightning
 63923 | Depths:5 | Entered Level 5 of the Depths
 64024 | Depths:5 | Found a portal to a secret trove of treasure.
 64216 | D:10     | Bought +0 gold dragon scales for 1040 gold pieces
 64411 | Depths:5 | You paid a toll of +0 gold dragon scales to enter a
                  | treasure trove
 64412 | Trove    | Entered a treasure trove
 64418 | Trove    | Identified the cursed +0 hat of Precision Catastrophes
                  | {rElec rF++}
 64418 | Trove    | Identified the cursed amulet "Cozeom" {Regen *Corrode MR+
                  | Str+5}
 64418 | Trove    | Identified the cursed ring of Agnosticism {Fire *Slow rElec
                  | Dex+3}
 64630 | Depths:5 | Found a gate to the Realm of Zot.
 65644 | Depths:5 | Identified the +6 great mace of Incongruity {freeze, rPois
                  | Int+3}
 66039 | Zot:1    | Entered Level 1 of the Realm of Zot
 66078 | Zot:1    | Identified the +4 dragonskin cloak
 66078 | Zot:1    | Noticed Tiamat
 66097 | Zot:1    | Noticed a golden dragon
 66108 | Zot:1    | HP: 8/201 [poisoned by a golden dragon]
 66110 | Zot:1    | Killed from afar by Tiamat

Skill      XL: |  1  2  3  4  5  6  7  8  9 10 11 12 13 14 15 16 17 18 19 20 21 22 23 24 25 |
---------------+----------------------------------------------------------------------------+-----
Invocations    | 5 6 7 8 9 10 11 12 13 14 15 16 17 18 | 18.0
Short Blades   | 1 2 3 4 5 6 7 8 9 10 11 12 13 14 15 16 | 16.2
Long Blades    | 1 2 3 4 5 6 7 8 9 10 11 12 13 14 15 16 | 16.2
Axes           | 1 2 3 4 5 6 7 8 9 10 11 12 13 14 15 16 | 16.2
Maces & Flails | 1 2 3 4 5 6 7 8 9 10 11 12 13 14 15 16 | 16.2
Polearms       | 1 2 3 4 5 6 7 8 9 10 11 12 13 14 15 16 | 16.2
Slings         | 1 2 3 4 5 6 7 8 9 10 11 12 13 14 15 16 | 16.2
Bows           | 1 2 3 4 5 6 7 8 9 10 11 12 13 14 15 16 | 16.2
Crossbows      | 1 2 3 4 5 6 7 8 9 10 11 12 13 14 15 16 | 16.2
Throwing       | 1 2 3 4 5 6 7 8 9 10 11 12 13 14 15 16 | 16.2
Armour         | 1 2 3 4 5 6 7 8 9 10 11 12 13 14 15 16 | 16.2
Shields        | 1 2 3 4 5 6 7 8 9 10 11 12 13 14 15 16 | 16.2
Unarmed Combat | 1 2 3 4 5 6 7 8 9 10 11 12 13 14 15 16 | 16.2
Spellcasting   | 1 2 3 4 5 6 7 8 9 10 11 12 13 14 15 16 | 16.2
Conjurations   | 1 2 3 4 5 6 7 8 9 10 11 12 13 14 | 14.0
Hexes          | 1 2 3 4 5 6 7 8 9 10 11 12 13 14 | 14.0
Charms         | 1 2 3 4 5 6 7 8 9 10 11 12 13 14 | 14.0
Summonings     | 1 2 3 4 5 6 7 8 9 10 11 12 13 14 | 14.0
Necromancy     | 1 2 3 4 5 6 7 8 9 10 11 12 13 14 | 14.0
Translocations | 1 2 3 4 5 6 7 8 9 10 11 12 13 14 | 14.0
Transmutations | 1 2 3 4 5 6 7 8 9 10 11 12 13 14 | 14.0
Fire Magic     | 1 2 3 4 5 6 7 8 9 10 11 12 13 14 | 14.0
Ice Magic      | 1 2 3 4 5 6 7 8 9 10 11 12 13 14 | 14.0
Air Magic      | 1 2 3 4 5 6 7 8 9 10 11 12 13 14 | 14.0
Earth Magic    | 1 2 3 4 5 6 7 8 9 10 11 12 13 14 | 14.0
Poison Magic   | 1 2 3 4 5 6 7 8 9 10 11 12 13 14 | 14.0
Evocations     | 1 2 3 4 5 6 7 8 9 10 11 12 13 14 15 16 | 16.2
Stealth        | 5 6 7 8 9 10 11 12 13 14 15 16 | 16.7
Fighting       | 7 8 9 10 11 12 13 14 15 16 17 | 17.1
Staves         | 7 8 9 10 11 12 13 14 15 16 17 | 17.1
Dodging        | 7 8 9 10 11 12 13 14 15 16 17 18 19 20 21 | 21.7

Action                   |  1- 3 |  4- 6 |  7- 9 | 10-12 | 13-15 | 16-18 | 19-21 | 22-24 | 25-27 || total
-------------------------+-------+-------+-------+-------+-------+-------+-------+-------+-------++-------
Melee: Quarterstaff      |    46 |       |   114 |       |       |       |       |       |       ||   160
       Bite              |     5 |    23 |    61 |    41 |   105 |    95 |   220 |   124 |     7 ||   681
       Dagger            |     7 |   196 |   231 |       |       |       |       |       |       ||   434
       Punch             |       |     5 |    10 |    19 |    34 |       |       |       |       ||    68
       Trident           |       |       |   100 |   358 |   779 |    23 |       |       |       ||  1260
       Eveningstar       |       |       |       |       |       |   442 |   889 |   495 |    44 ||  1870
 Fire: Blowgun           |       |     7 |       |       |       |       |       |       |       ||     7
       Hunting sling     |       |       |    55 |    25 |    37 |   326 |       |       |       ||   443
       Fustibalus        |       |       |       |       |       |   590 |    90 |   599 |     8 ||  1287
Throw: Tomahawk          |       |       |    11 |    36 |       |       |    50 |       |       ||    97
       Javelin           |       |       |       |    23 |    88 |   104 |    97 |       |       ||   312
 Cast: Mephitic Cloud    |       |       |    10 |    10 |    14 |       |     1 |       |       ||    35
       Conjure Flame     |       |       |     3 |     5 |     4 |       |       |       |       ||    12
       Summon Butterflie |       |       |     1 |       |     1 |       |       |    17 |       ||    19
       Apportation       |       |       |       |     2 |       |       |       |       |       ||     2
       Summon Lightning  |       |       |       |       |    84 |    96 |    10 |    16 |       ||   206
       Freezing Cloud    |       |       |       |       |    42 |    57 |    24 |     8 |     1 ||   132
       Metabolic Englaci |       |       |       |       |    15 |    42 |     5 |    22 |     1 ||    85
       Aura of Abjuratio |       |       |       |       |     2 |    14 |     7 |     3 |       ||    26
       Piercing Shot     |       |       |       |       |       |    10 |     8 |     5 |       ||    23
       Conjure Ball Ligh |       |       |       |       |       |    21 |    32 |     6 |       ||    59
       Portal Projectile |       |       |       |       |       |    59 |    35 |    62 |     2 ||   158
       Controlled Blink  |       |       |       |       |       |       |       |    15 |     1 ||    16
       Mana Rupture      |       |       |       |       |       |       |       |     9 |       ||     9
       Iron Shot         |       |       |       |       |       |       |       |    93 |    60 ||   153
       Ignition          |       |       |       |       |       |       |       |    68 |    22 ||    90
       Chain Lightning   |       |       |       |       |       |       |       |       |    16 ||    16
Invok: Curse Item        |       |     3 |     3 |     2 |     1 |     3 |     2 |     2 |       ||    16
       Scrying           |       |       |       |       |       |     3 |       |       |       ||     3
Evoke: Wand              |       |       |       |     4 |    21 |    13 |     7 |    11 |     4 ||    60
       Lightning rod     |       |       |       |       |     4 |     5 |     1 |     5 |       ||    15
       Sack of spiders   |       |       |       |       |       |       |       |     1 |       ||     1
       Lamp of fire      |       |       |       |       |       |       |       |       |     1 ||     1
       Phial of floods   |       |       |       |       |       |       |       |       |     1 ||     1
       Phantom mirror    |       |       |       |       |       |       |       |       |     1 ||     1
  Use: Scroll            |       |     2 |    12 |     8 |     6 |    17 |     8 |     8 |     6 ||    67
       Potion            |       |       |     1 |     1 |     7 |     2 |     9 |     2 |     5 ||    27
 Stab: Sleeping          |    10 |     6 |    11 |    10 |     4 |     9 |    14 |     5 |       ||    69
       Confused          |       |       |     4 |    10 |     3 |       |       |       |       ||    17
       Distracted        |       |       |     2 |     2 |    18 |     3 |     6 |     2 |     1 ||    34
       Paralysed         |       |       |       |       |     6 |       |     3 |    26 |       ||    35
       Invisible         |       |       |       |       |       |     3 |       |       |       ||     3
       Petrified         |       |       |       |       |       |       |     3 |       |       ||     3
  Eat: Chunk             |     1 |    10 |    23 |    24 |    46 |    29 |    31 |    25 |     8 ||   197
       Ration            |       |     1 |     1 |     1 |     3 |    15 |    11 |    14 |     4 ||    50
Armor: Robe              |     4 |    18 |       |       |       |       |       |       |       ||    22
       Scale mail        |       |     8 |   100 |    69 |   167 |    63 |       |       |       ||   407
       Pearl dragon scal |       |       |       |       |       |   154 |   217 |   127 |    32 ||   530
Dodge: Dodged            |    41 |   144 |   285 |   254 |   533 |   494 |   737 |   484 |    69 ||  3041
Block: Buckler           |       |       |       |       |    98 |   305 |   407 |   266 |    35 ||  1111
       Rpst.: Fustibalus |       |       |       |       |       |    42 |     6 |    15 |     3 ||    66
       Eveningstar       |       |       |       |       |       |    56 |   312 |   133 |     7 ||   508
       Staff             |       |       |       |       |       |       |       |     5 |     6 ||    11
